[Event "*** Titled Tuesday 3|2 Blitz (Early)"]
[Site "Chess.com"]
[Date "2016.11.01"]
[Round "3"]
[White "KingFlorida"]
[Black "dhanushbharadwaj"]
[Result "0-1"]
[WhiteElo "2351"]
[BlackElo "2301"]
[TimeControl "180+2"]
[EndTime "11:32:33 PDT"]
[Termination "dhanushbharadwaj won on time"]

1. g3 Nf6 2. Bg2 g6 3. e4 d6 4.
d4 Bg7 5. Nc3 O-O 6. Nge2 c5 7.
O-O cxd4 8. Nxd4 a6 9. h3 Qc7 10. Nde2 Nbd7 11. Be3 Rb8 12. Kh2 b5 13. Nd4 Bb7 14. Qd2 Nb6 15. b3 Rfc8 16. Nde2 b4 17. Bxb6 Qxb6 18. Na4 Qb5 19. f3 Nd7 20. Rad1 a5 21. c4 bxc3 22. Nexc3 Qb4 23. Nd5 Bxd5 24. Qxd5 Rc2 25. Rd3 Rbc8 26. Rfd1 Rxa2 27. R3d2 Rxd2 28. Rxd2 h5 29. h4 Nc5 30. Nxc5 Rxc5 31. Qa8+ Kh7 32. Qe8 Qxd2 33. Qxf7 Rc2 0-1

[Event "*** Titled Tuesday 3|2 Blitz (Early)"]
[Site "Chess.com"]
[Date "2016.11.01"]
[Round "3"]
[White "YuriyKrykun"]
[Black "avto24"]
[Result "1-0"]
[WhiteElo "2299"]
[BlackElo "2311"]
[TimeControl "180+2"]
[EndTime "11:32:41 PDT"]
[Termination "YuriyKrykun won by resignation"]

1. e4 d5 2. exd5 Nf6 3. c4 c6 4. d4 cxd5 5. Nc3 Nc6 6. Nf3 Bg4 7. Be2 dxc4 8. d5 Bxf3 9. Bxf3 Ne5 10. Be2 Qd7 11. Qd4 Nd3+ 12. Bxd3 cxd3 13. Bg5 Rd8 14. Bxf6 exf6 15. O-O Bd6 16. Qxd3 O-O 17. Rad1 Be5 18. b3 Qc7 19. Nb5 Qb6 20. Na3 Bxh2+ 21. Kxh2 Qd6+ 22.
g3 Qxa3 23. Rd2 Rd6 24. Rfd1 Rfd8 25. Qb5 b6 26. Re1 h6 27. Re8+ Kh7 28. Rxd8 Rxd8 29. Qd3+ g6 30. d6 Rd7 31. Qb5 Rxd6 32. Qe8 Rxd2 33.
Qxf7+ Kh8 34. Qxf6+ Kg8 35. Qxg6+ Kf8 36. Qxh6+ Kf7 37.
Qxd2 Qc5 38. Qf4+ Kg6 39. Qe4+ Kg7 40. Kg2 Qa3 41. Qd4+ Kg6 42. Qg4+ Kf7 43. Qe2 a5 44.
Qc4+ Kf8 45. Qa4 Qc5 46. Qf4+ Kg7 47. Qg4+ Kf7 48. Qc4+ 1-0

[Event "*** Titled Tuesday 3|2 Blitz (Early)"]
[Site "Chess.com"]
[Date "2016.11.01"]
[Round "3"]
[White "Salem-AR"]
[Black "amaidel"]
[Result "1/2-1/2"]
[WhiteElo "2688"]
[BlackElo "2474"]
[TimeControl "180+2"]
[EndTime "11:32:46 PDT"]
[Termination "Game drawn by agreement"]

1. d4 d5 2. c4 c6 3. Nf3 Nf6 4.
Nc3 dxc4 5. e4 b5 6. e5 Nd5 7.
Be2 e6 8. O-O Be7 9. a4 b4 10.
Ne4 Ba6 11. Bg5 O-O 12. Bxe7 Qxe7 13. Nc5 Bc8 14. Bxc4 a5 15. Qd2 Nd7 16. Ne4 c5 17. dxc5 Nxc5 18. Bxd5 exd5 19. Nxc5 Qxc5 20. Rac1 Qb6 21.
Nd4 Bd7 22. b3 Rac8 23. h4 Qg6 24. Qe3 Qg4 25. g3 Rfe8 26. f4 f6 27. Qf3 Qxf3 28.
Nxf3 Bg4 29. Nd4 Rxc1 30. Rxc1 fxe5 31. fxe5 Rxe5 32. Rc5 Re3 33. Kf2 Rd3 34. Rxd5 Kf7 35. Rd6 Ke7 36. Rd5 1/2-1/2

[Event "*** Titled Tuesday 3|2 Blitz (Early)"]
[Site "Chess.com"]
[Date "2016.11.01"]
[Round "3"]
[White "visa"]
[Black "Iwannabetheguy"]
[Result "0-1"]
[WhiteElo "2122"]
[BlackElo "2041"]
[TimeControl "180+2"]
[EndTime "11:32:51 PDT"]
[Termination "Iwannabetheguy won by checkmate"]

1. e4 e5 2. d4 exd4 3. Qxd4 Nc6 4.
Qe3 Nf6 5. Bd2 Bb4 6. Nc3 O-O 7. O-O-O d5 8. Nxd5 Nxd5 9. exd5 Bxd2+ 10. Qxd2 Ne5 11. f4 Ng4 12. h3 Nf6 13. g4 Ne4 14. Qg2 Re8 15. Bd3 Nc5 16. Ne2 Nxd3+ 17. Rxd3 Qd6 18.
Rf1 Bd7 19. Nc3 a5 20. Ne4 Qb4 21. Re3 a4 22. g5 a3 23. Nf6+ Kh8 24. Nxe8 Qxb2+ 25. Kd1 Bxe8 26. Qe4 Bb5 27. c4 Ba4+ 28. Ke1 Qxa2 29.
Rf2 Qa1+ 30. Ke2 Qd1# 0-1

[Event "*** Titled Tuesday 3|2 Blitz (Early)"]
[Site "Chess.com"]
[Date "2016.11.01"]
[Round "3"]
[White "CroatianPower"]
[Black "Matibar"]
[Result "0-1"]
[WhiteElo "2467"]
[BlackElo "2577"]
[TimeControl "180+2"]
[EndTime "11:33:04 PDT"]
[Termination "Matibar won by resignation"]

1. d4 f5 2. Nc3 d5 3. e4 dxe4 4. Bf4 Nf6 5. f3 a6 6. Qd2 b5 7. O-O-O e6 8. fxe4 fxe4 9. g4 Bb4 10. Nge2 Bb7 11. Rg1 O-O 12. a3 Bd6 13. Bg2 b4 14.
axb4 Bxb4 15. Qe3 Nd5 16. Nxd5 exd5 17. Qb3 a5 18. c3 Ba6 19. Bxe4 Bc4 20. Bxh7+ Kxh7 21. Qc2+ Kg8 22. cxb4 Bxe2 23. Qxe2 Rxf4 24. Qe6+ Rf7 25.
Rgf1 Qd7 26. Qxf7+ Qxf7 27. Rxf7 Kxf7 28. bxa5 Nc6 29.
Rf1+ Ke6 30. Re1+ Kd6 31. Rf1 Nxd4 32. Rf7 Ne6 33. b4 Rb8 34. g5 Rxb4 35. g6 Ra4 36. h4 Rxa5 37. h5 Ra1+ 38. Kd2 Rh1 39. Rf5 c5 0-1

[Event "*** Titled Tuesday 3|2 Blitz (Early)"]
[Site "Chess.com"]
[Date "2016.11.01"]
[Round "3"]
[White "Gabrielian_Artur"]
[Black "TheSovietChess"]
[Result "1-0"]
[WhiteElo "2550"]
[BlackElo "2501"]
[TimeControl "180+2"]
[EndTime "11:33:15 PDT"]
[Termination "Gabrielian_Artur won by resignation"]

1. e4 e5 2. Nf3 Nc6 3. Bc4 h6 4. d3 d6 5. c3 Nf6 6. O-O Ne7 7. Qb3 d5 8. exd5 Nexd5 9. Nxe5 c6 10. Re1 Be7 11. d4 a5 12. a4 O-O 13. Nd2 Re8 14.
Ndf3 Qc7 15. h3 Bf5 16. Bd2 Bd6 17. Re2 Re6 18. Rae1 Rae8 19. Kf1 Bh7 20. Bd3 Bxd3 21. Nxd3 Rxe2 22. Rxe2 Rxe2 23. Kxe2 Ne4 24. Bc1 Be7 25.
Kf1 Bf6 26. Qd1 Nb6 27. Nd2 Nd6 28. Nc5 Nd5 29. Nde4 Nxe4 30. Nxe4 Qh2 31. c4 Qh1+ 32. Ke2 Qxg2 33. Qd3 Nb4 34. Nxf6+ gxf6 35. Qg3+ Qxg3 36. fxg3 Kg7 37. Bf4 Na6 38. Bd2 b6 39. Bf4 Kg6 40. Kf3 f5 41. Be5 Nb4 42. Bc7 Nd3 43. b3 Nc1 44.
Bxb6 Nxb3 45. Ke3 Kf6 46. Kd3 Nc1+ 47. Kd2 Na2 48. Bxa5 h5 49. Kc2 h4 50. gxh4 f4 51. Bd2 f3 52. Kd3 Ke6 53. Ke3 Kd6 54. h5 1-0

[Event "*** Titled Tuesday 3|2 Blitz (Early)"]
[Site "Chess.com"]
[Date "2016.11.01"]
[Round "3"]
[White "GM_dmitrij"]
[Black "psv98"]
[Result "0-1"]
[WhiteElo "2431"]
[BlackElo "2615"]
[TimeControl "180+2"]
[EndTime "11:33:24 PDT"]
[Termination "psv98 won by resignation"]

1. e4 d6 2. d4 g6 3. Nc3 Bg7 4.
f4 a6 5. Nf3 b5 6. Bd3 Bb7 7. O-O Nd7 8. e5 e6 9. a4 b4 10. Ne4 Bxe4 11. Bxe4 d5 12. Bd3 a5 13. Be3 Ne7 14. c3 Qb8 15. Qd2 Qb6 16. cxb4 axb4 17. Rfc1 O-O 18. b3 Rfc8 19. Ne1 Nc6 20. Rxc6 Qxc6 21.
Bb5 Qxb5 22. axb5 Rxa1 23. Bf2 Bf8 24. Qc2 c5 25. dxc5 Bxc5 26. Kf1 Raa8 27. Qd2 Rab8 28. Bxc5 Rxc5 29. Qxb4 Rcxb5 30. Qd6 Nf8 31. h4 h5 32. Nd3 Rxb3 33. Nc5 Rb2 34. Kg1 Ra8 35. Nd7 Nxd7 36. Qxd7 Rbb8 37. Kh2 Rd8 38. Qb5 d4 39. Qd3 Rac8 40.
f5 exf5 41. e6 fxe6 42. Qa6 Kf7 0-1

[Event "*** Titled Tuesday 3|2 Blitz (Early)"]
[Site "Chess.com"]
[Date "2016.11.01"]
[Round "3"]
[White "Genghis_K"]
[Black "FlySooHigh"]
[Result "1-0"]
[WhiteElo "2651"]
[BlackElo "2421"]
[TimeControl "180+2"]
[EndTime "11:33:25 PDT"]
[Termination "Genghis_K won on time"]

1. e4 d5 2. exd5 Nf6 3. d4 Nxd5 4. Nf3 g6 5. c4 Nb6 6. Nc3 Bg7 7. a4 a5 8. c5 Nd5 9. Bc4 Nb4 10. h3 O-O 11. O-O Bf5 12. Qe2 Nc2 13. g4 Nxa1 14.
gxf5 Nc6 15. Be3 gxf5 16. Rxa1 f4 17. Bxf4 Nxd4 18. Qe4 Nxf3+ 19. Qxf3 Qd4 20. Bd3 Qxc5 21. Nd5 c6 22. Bxh7+ Kxh7 23. Qh5+ Kg8 24. Nf6+ Bxf6 25. Qxc5 Rad8 26. Kh1 Rd5 27. Rg1+ Kh8 28. Qe3 Rg8 29.
Rxg8+ Kxg8 30. Qb3 b5 31. axb5 Rxb5 32. Qg3+ Kh8 33. Bc1 Rc5 34. Qe3 Re5 35. Qh6+ Kg8 36. Kg2 Rb5 37. h4 Bxb2 38. Bxb2 Rxb2 39. Qg5+ Kh7 40. Qh5+ Kg8 41. Qg5+ Kh7 42. Qf5+ Kg8 43. h5 Rb5 44. Qc8+ Kg7 45. Qg4+ Kh8 46. h6 1-0

[Event "*** Titled Tuesday 3|2 Blitz (Early)"]
[Site "Chess.com"]
[Date "2016.11.01"]
[Round "3"]
[White "APL2001"]
[Black "AlexanderL"]
[Result "0-1"]
[WhiteElo "2415"]
[BlackElo "2529"]
[TimeControl "180+2"]
[EndTime "11:33:27 PDT"]
[Termination "AlexanderL won by resignation"]

1. e4 e6 2. d4 d5 3. Nc3 Nf6 4. Bg5 dxe4 5. Nxe4 Nbd7 6. Nf3 Be7 7. Nxf6+ Bxf6 8.
Bxf6 Qxf6 9. Bd3 c5 10. c3 O-O 11. O-O cxd4 12. cxd4 Qf4 13. Rc1 Nf6 14. Re1 Rd8 15. Qc2 Bd7 16. Ne5 Rac8 17. Qb1 Rxc1 18. Qxc1 Qxd4 19.
Qc7 Qb6 20. Rc1 Nd5 21. Qc2 g6 22. Qe2 Rc8 23. Rd1 Be8 24. h4 Nf4 25. Qf3 Nxd3 26. Qxd3 Qxb2 27. Ng4 h5 28. Ne3 Qf6 29. g3 Bc6 30.
Nc4 Bb5 31. Rc1 Qf5 32. Qe2 Qd5 0-1

[Event "*** Titled Tuesday 3|2 Blitz (Early)"]
[Site "Chess.com"]
[Date "2016.11.01"]
[Round "3"]
[White "GianmarcoVaR"]
[Black "michaelk123"]
[Result "1-0"]
[WhiteElo "2413"]
[BlackElo "2166"]
[TimeControl "180+2"]
[EndTime "11:33:29 PDT"]
[Termination "GianmarcoVaR won on time"]

1. d4 Nf6 2. Nf3 g6 3. c4 Bg7 4. g3 O-O 5. Bg2 c6 6. O-O d5 7.
Nbd2 a5 8. Re1 Bf5 9. b3 a4 10. cxd5 cxd5 11. bxa4 Nc6 12. Qb3 Qa5 13. Bb2 Ne4 14.
Red1 Qxa4 15. Qxd5 Nb4 16. Qb3 Qxb3 17. axb3 Nxd2 18. Nxd2 Nc2 19. Rxa8 Rxa8 20. Nc4 Rb8 21. Na5 b6 22. Nc6 Re8 23. Rc1 e5 24. dxe5 Bf8 25.
e4 1-0

[Event "*** Titled Tuesday 3|2 Blitz (Early)"]
[Site "Chess.com"]
[Date "2016.11.01"]
[Round "3"]
[White "Saitama_Hero"]
[Black "NoWuss2"]
[Result "1-0"]
[WhiteElo "2109"]
[BlackElo "2078"]
[TimeControl "180+2"]
[EndTime "11:33:43 PDT"]
[Termination "Saitama_Hero won by resignation"]

1. e4 Nc6 2. Nf3 d6 3. d4 Nf6 4. d5 Ne5 5. Nxe5 dxe5 6. Nc3 a6 7. Bc4 g6 8. O-O Bg7 9. f4 Qd6 10. fxe5 Qxe5 11. Bf4 Qh5 12. Be2 Bg4 13. e5 Bxe2 14.
Nxe2 Ng4 15. e6 fxe6 16. h3 Nf6 17. dxe6 O-O 18. Kh1 Rad8 19. Qe1 Nd5 20. c3 Nxf4 21. Nxf4 Qb5 22. b3 Rd6 23. Rd1 Rxd1 24. Qxd1 Bxc3 25.
Rf3 Be5 26. Nd5 Qe8 27. Qe2 Bd6 28. Rd3 Qb8 29. Nc3 c6 30. Ne4 Be5 31. Nc5 Bg3 32.
Nd7 Qf4 33. Nxf8 Kxf8 34. Rf3 1-0

[Event "*** Titled Tuesday 3|2 Blitz (Early)"]
[Site "Chess.com"]
[Date "2016.11.01"]
[Round "3"]
[White "Smirnov_Pavel"]
[Black "Sanan_Sjugirov"]
[Result "0-1"]
[WhiteElo "2524"]
[BlackElo "2700"]
[TimeControl "180+2"]
[EndTime "11:33:47 PDT"]
[Termination "Sanan_Sjugirov won by resignation"]

1. d4 Nf6 2. Nf3 e6 3. g3 b5 4. Bg2 Bb7 5. Qd3 a6 6. a4 b4 7. c4 bxc3 8. bxc3 c5 9. O-O Be7 10. Bg5 O-O 11. Nbd2 d5 12. Rfb1 Ra7 13. Ne5 Nbd7 14.
Nxd7 Nxd7 15. Bxe7 Qxe7 16. c4 dxc4 17. Nxc4 Bxg2 18.
Kxg2 Nf6 19. dxc5 Qxc5 20. Ne3 Qc6+ 21. Kg1 Rd7 22. Qb3 Ne4 23. Qb6 Qa8 24. Rd1 Rxd1+ 25.
Rxd1 Nc3 26. Re1 Rc8 27. a5 h5 28. h4 Nxe2+ 29. Kh2 Qf3 30. Rf1 Rc6 31. Qd8+ Kh7 32. Qg5 f6 0-1

[Event "*** Titled Tuesday 3|2 Blitz (Early)"]
[Site "Chess.com"]
[Date "2016.11.01"]
[Round "3"]
[White "metalbattler"]
[Black "FearlessKing64"]
[Result "0-1"]
[WhiteElo "1983"]
[BlackElo "2157"]
[TimeControl "180+2"]
[EndTime "11:33:53 PDT"]
[Termination "FearlessKing64 won by checkmate"]

1. e4 c5 2. Nc3 d6 3. d4 cxd4 4. Qxd4 Nc6 5. Bb5 Bd7 6. Bxc6 Bxc6 7. Nf3 f5 8. Be3 e5 9. Qd3 f4 10. Bd2 Nf6 11. O-O-O Be7 12. g3 fxg3 13. fxg3 O-O 14. Nh4 d5 15. exd5 Nxd5 16. Nxd5 Qxd5 17. Qxd5+ Bxd5 18. Rhe1 Bxh4 19. gxh4 Bf3 20. Bb4 Bxd1 21. Bxf8 Kxf8 22. Kxd1 Re8 23. Kd2 Ke7 24. Rxe5+ Kf7 25. Rxe8 Kxe8 26. Ke3 Kf7 27. Kf4 Kg6 28. c4 Kh5 29.
Kg3 Kg6 30. Kg4 Kf6 31. Kf4 Kg6 32. b4 Kf6 33. c5 Ke6 34. Ke4 a6 35. a4 g6 36. b5 a5 37. Kf4 h6 38. h3 Kd5 39.
c6 bxc6 40. bxc6 Kxc6 41. Ke5 Kc5 42. Kf6 Kb4 43. Kxg6 Kxa4 44. Kxh6 Kb3 45. Kg7 a4 46. h5 a3 47. h6 a2 48. h7 a1=Q+ 49. Kg8 Qa8+ 50. Kg7 Qb7+ 51. Kg8 Qc8+ 52. Kg7 Qd7+ 53.
Kg8 Qe8+ 54. Kg7 Qe5+ 55. Kg8 Qg5+ 56. Kh8 Qf6+ 57. Kg8 Qg6+ 58. Kh8 Kc4 59. h4 Kd5 60. h5 Qf6+ 61. Kg8 Qg5+ 62. Kh8 Ke6 63. h6 Qf6+ 64. Kg8 Qf7+ 65. Kh8 Qf8# 0-1

[Event "*** Titled Tuesday 3|2 Blitz (Early)"]
[Site "Chess.com"]
[Date "2016.11.01"]
[Round "3"]
[White "Holden-Caulfield"]
[Black "fastestmindalive"]
[Result "0-1"]
[WhiteElo "2478"]
[BlackElo "2526"]
[TimeControl "180+2"]
[EndTime "11:33:56 PDT"]
[Termination "fastestmindalive won by checkmate"]

1. d4 Nf6 2. Nf3 e6 3. Bg5 c5 4.
c3 h6 5. Bh4 Nc6 6. e3 Be7 7.
Nbd2 O-O 8. Bd3 b6 9. O-O Bb7 10. Qe2 cxd4 11. cxd4 d5 12. a3 Rc8 13. Ba6 Bxa6 14.
Qxa6 Ne4 15. Bxe7 Qxe7 16. Nxe4 dxe4 17. Nd2 f5 18. Rac1 Qd7 19. Nc4 f4 20. exf4 Nb8 21.
Ne5 Nxa6 22. Nxd7 Rxc1 23. Rxc1 Rd8 24. Ne5 Rxd4 25. g3 Nc5 26. b4 Nd3 27. Rc8+ Kh7 28. Nc6 Rd7 29. Re8 Rd6 30. Nxa7 Ne1 31. Nb5 Nf3+ 32.
Kg2 Rc6 33. g4 h5 34. f5 Rc1 35. gxh5 Rg1+ 36. Kh3 exf5 37. Nd6 Ng5+ 38. Kh4 Rg4# 0-1

[Event "*** Titled Tuesday 3|2 Blitz (Early)"]
[Site "Chess.com"]
[Date "2016.11.01"]
[Round "3"]
[White "superjem123"]
[Black "Chopper1905"]
[Result "0-1"]
[WhiteElo "2480"]
[BlackElo "2567"]
[TimeControl "180+2"]
[EndTime "11:34:06 PDT"]
[Termination "Chopper1905 won by resignation"]

1. d4 Nf6 2. c4 g6 3. Nc3 Bg7 4.
e4 d6 5. f4 O-O 6. Nf3 c5 7.
Be2 cxd4 8. Nxd4 Nc6 9. Be3 Qb6 10. Na4 Qa5+ 11. Bd2 Qd8 12. Nxc6 bxc6 13. Bf3 Rb8 14. O-O Nd7 15. Qc2 Nb6 16. Bc3 Nxa4 17. Qxa4 Bxc3 18.
bxc3 Qb6+ 19. Kh1 Qc5 20. Rab1 Be6 21. Rb4 Rxb4 22. cxb4 Qxc4 23. Rd1 a6 24. f5 gxf5 25. exf5 Bxf5 26. Qxc6 Qxc6 27. Bxc6 Rb8 28. a3 Rb6 29. Bf3 e6 30. Rc1 d5 31. Rc7 Bd3 32. Kg1 Rd6 33. Kf2 e5 34. Ke3 Bg6 35. Re7 e4 36. Be2 d4+ 37. Kf4 Kf8 38. Re5 Rf6+ 39. Kg3 Rc6 40. h4 f6 41. Ra5 d3 42. Bg4 e3 43. Kf3 e2 44. Kf2 Rc1 45. Bxe2 Rc2 46.
Rxa6 Rxe2+ 47. Kf3 Be4+ 48. Kf4 d2 49. Rd6 Bc2 50.
b5 d1=Q 0-1

[Event "*** Titled Tuesday 3|2 Blitz (Early)"]
[Site "Chess.com"]
[Date "2016.11.01"]
[Round "3"]
[White "KuzubovYuriy"]
[Black "GMBenjaminBok"]
[Result "0-1"]
[WhiteElo "2543"]
[BlackElo "2609"]
[TimeControl "180+2"]
[EndTime "11:34:16 PDT"]
[Termination "GMBenjaminBok won by resignation"]

1. d4 Nf6 2. c4 g6 3. Nc3 d5 4.
Bg5 Ne4 5. Bh4 Nxc3 6. bxc3 dxc4 7. e3 Be6 8. Nf3 Bg7 9. Rb1 b6 10. Qc2 O-O 11. Be2 c5 12. O-O Nc6 13. Ng5 Bf5 14. e4 Bd7 15. dxc5 Ne5 16. Rfd1 Qc7 17. cxb6 axb6 18.
Nf3 Ba4 19. Qb2 Bxd1 20. Rxd1 Nxf3+ 21. gxf3 Rfd8 22. Rb1 b5 23. Bg3 Be5 24. Bxe5 Qxe5 25. Qxb5 Qxb5 26. Rxb5 Rxa2 27. Bxc4 Rc2 28. e5 Rxc3 29.
Bd5 e6 30. Be4 Rdc8 31. Kg2 R8c5 32. Rxc5 Rxc5 33. f4 Kg7 34. Kg3 h6 35. h4 Rc3+ 36. Kg2 Ra3 37. Bf3 g5 38. fxg5 hxg5 39. hxg5 Kg6 40.
Bc6 Kxg5 41. Be8 Ra7 42. Kg3 Kf5 43. f4 Ra3+ 44. Kg2 Kxf4 45. Bxf7 Kxe5 46. Kf2 Kf5 47. Ke2 e5 48. Bg8 Kf4 49. Bh7 e4 50.
Bg6 Ra2+ 51. Ke1 Rh2 52. Be8 Ke3 53. Kf1 Rh1+ 54. Kg2 Rh8 55. Bc6 Rf8 0-1

[Event "*** Titled Tuesday 3|2 Blitz (Early)"]
[Site "Chess.com"]
[Date "2016.11.01"]
[Round "3"]
[White "KyronGriffith"]
[Black "Jahonas"]
[Result "1/2-1/2"]
[WhiteElo "2343"]
[BlackElo "2166"]
[TimeControl "180+2"]
[EndTime "11:34:24 PDT"]
[Termination "Game drawn by repetition"]

1. d4 Nf6 2. Nf3 c6 3. Bg5 d5 4. Bxf6 exf6 5. c3 Bd6 6. g3 O-O 7. Bg2 Re8 8. O-O f5 9. e3 Be6 10. Nbd2 Nd7 11. Ne1 a5 12. Nd3 b5 13. Qc2 a4 14. b3 Qa5 15. c4 axb3 16. Nxb3 Qa4 17.
cxb5 cxb5 18. Rfc1 Nb6 19. Ndc5 Qa7 20. Qe2 Nc4 21.
h4 g6 22. Nd3 Rec8 23. h5 Ba3 24. Rf1 Bf8 25. Nbc5 Rc7 26. Rfb1 Rb8 27. a4 bxa4 28.
Rxb8 Qxb8 29. Na6 Qa7 30. Nxc7 Qxc7 31. Rxa4 Kg7 32. hxg6 hxg6 33. Qa2 Bd6 34. Ra7 Qb8 35. Nf4 Bxf4 36. gxf4 Qb4 37. Qa1 Qd2 38. Ra2 Qb4 39. Rc2 Qe7 40. Rc1 Qh4 41. Qa8 Qg4 42. Qa2 Nd6 43.
Kf1 Ne4 44. Qe2 Qh4 45. Bxe4 fxe4 46. Ke1 Bg4 47. Qf1 Bf3 48. Kd2 Qe7 49. Rc3 Qb4 50.
Qc1 Qb5 51. Qe1 Qb2+ 52. Rc2 Qb4+ 53. Rc3 Qb2+ 54. Rc2 Qb4+ 55. Rc3 Qb2+ 56. Rc2 Qb4+ 57. Rc3 1/2-1/2

[Event "*** Titled Tuesday 3|2 Blitz (Early)"]
[Site "Chess.com"]
[Date "2016.11.01"]
[Round "3"]
[White "Wolverine_master"]
[Black "saraswathii"]
[Result "0-1"]
[WhiteElo "2050"]
[BlackElo "2150"]
[TimeControl "180+2"]
[EndTime "11:34:28 PDT"]
[Termination "saraswathii won by checkmate"]

1. e4 c5 2. Nf3 e6 3. d4 cxd4 4.
Nxd4 Nf6 5. Bd3 Nc6 6. Be3 d5 7.
Nxc6 bxc6 8. e5 Nd7 9. f4 c5 10.
c3 Bb7 11. O-O f6 12. exf6 Qxf6 13. Bb5 a6 14. Bxd7+ Kxd7 15. Nd2 Bd6 16. Nb3 Rac8 17.
Qe2 Rhe8 18. Qf2 Qf8 19. Rad1 Rc7 20. Na5 Ba8 21. Qh4 Qf5 22. g4 Qe4 23. Qf2 d4 24.
Qf3 Qxf3 25. Rxf3 Bxf3 26. Rf1 dxe3 27. Rxf3 e2 28. Kf2 Rf8 29. Kxe2 Rxf4 30. Rd3 Rxg4 31.
b3 Ke7 32. h3 Rg3 33. Rd1 Rxc3 34. Nc4 Rd7 35. Rg1 Rg3 36. Rf1 Rxh3 37. a4 Rxb3 38. a5 Bc7 39. Rg1 g6 40. Rh1 h5 41. Rg1 Rg3 42. Rf1 h4 43. Nd2 Rg2+ 44. Ke3 Rdxd2 45. Ke4 Rge2+ 46. Kf3 h3 47. Rh1 h2 48. Kg4 Rg2+ 49. Kh3 Rg3+ 50. Kh4 Rd4# 0-1

[Event "*** Titled Tuesday 3|2 Blitz (Early)"]
[Site "Chess.com"]
[Date "2016.11.01"]
[Round "3"]
[White "MFBerna"]
[Black "Akshayraj_Kore"]
[Result "1-0"]
[WhiteElo "2187"]
[BlackElo "2296"]
[TimeControl "180+2"]
[EndTime "11:34:29 PDT"]
[Termination "MFBerna won on time"]

1. e4 e5 2. Nf3 Nc6 3. Bb5 a6 4.
Ba4 Nf6 5. O-O Be7 6. Re1 b5 7. Bb3 d6 8. c3 O-O 9. h3 a5 10. d4 a4 11. Bc2 Bb7 12. Nbd2 Re8 13. Nf1 Bf8 14. Ng3 g6 15. Bd3 b4 16. Bb5 Nd7 17.
d5 Ne7 18. cxb4 c6 19. dxc6 Nxc6 20. Bxa4 Nxb4 21. Bg5 Be7 22. Bxe7 Qxe7 23. a3 Nc6 24. Rc1 Rec8 25. Bc2 Nc5 26. Qd2 Na5 27. b4 Nc4 28. Qh6 Ne6 29. Bb3 Nxa3 30. Rxc8+ Rxc8 31. Nf5 gxf5 32. exf5 Qf8 33. Qh4 Nf4 34. Ng5 Qg7 35. Bxf7+ Kh8 36.
f6 Nxh3+ 37. gxh3 Qxg5+ 38. Qxg5 1-0

[Event "*** Titled Tuesday 3|2 Blitz (Early)"]
[Site "Chess.com"]
[Date "2016.11.01"]
[Round "3"]
[White "GremioPrudente"]
[Black "Shivagami"]
[Result "0-1"]
[WhiteElo "2013"]
[BlackElo "2034"]
[TimeControl "180+2"]
[EndTime "11:34:29 PDT"]
[Termination "Shivagami won on time"]

1. Nf3 d5 2. d4 g6 3. c4 Nf6 4. cxd5 Nxd5 5. e4 Nb6 6. Nc3 Bg7 7.
Be2 O-O 8. O-O c5 9. dxc5 N6d7 10. Be3 Qa5 11. Nd5 Nc6 12. Rb1 Qxa2 13. b4 e6 14. b5 exd5 15. bxc6 bxc6 16. exd5 Qxd5 17. Qxd5 cxd5 18.
c6 Ne5 19. Rfd1 Nxc6 20. Rxd5 Be6 21. Rd6 Rfc8 22. h3 a5 23. Bb5 Nb4 24. Nd4 Bc4 25. Ba4 Nd5 26. Nb5 Bxb5 27. Bxb5 Nc3 28. Rb3 a4 29. Rb4 Rab8 30. Bb6 a3 31. Bd7 Bf8 32. Rc6 Rxc6 33. Bxc6 Bxb4 34. Bd4 a2 35. Bxc3 Bxc3 36. Bd5 a1=Q+ 37. Kh2 Be5+ 38. g3 Qf1 39. Bg2 Qxf2 0-1

[Event "*** Titled Tuesday 3|2 Blitz (Early)"]
[Site "Chess.com"]
[Date "2016.11.01"]
[Round "3"]
[White "KestutisLabeckas"]
[Black "BillieKimbah"]
[Result "0-1"]
[WhiteElo "2489"]
[BlackElo "2574"]
[TimeControl "180+2"]
[EndTime "11:34:38 PDT"]
[Termination "BillieKimbah won on time"]

1. d4 Nf6 2. Bg5 d5 3. Bxf6 exf6 4. c4 dxc4 5. e3 Bd6 6. Bxc4 O-O 7. Nc3 c6 8. h3 Nd7 9. Nf3 f5 10. O-O Nf6 11.
d5 c5 12. a4 a6 13. Qc2 b6 14. Rfe1 Re8 15. Bd3 g6 16. Rad1 Ra7 17. e4 fxe4 18.
Nxe4 Nxe4 19. Rxe4 Rxe4 20. Bxe4 Qf6 21. Qc3 Qxc3 22.
bxc3 Bd7 23. Bc2 b5 24. Ra1 b4 25. cxb4 cxb4 26. Nd2 a5 27. Nc4 Bf8 28. Bb3 Bg7 29.
Rc1 Bd4 30. Kf1 Kg7 31. Rd1 Bf6 32. Ke2 h5 33. f4 Kf8 34. Kf3 Rc7 35. d6 Rc5 36.
Rd3 Be6 37. Nd2 Bf5 38. Ne4 Rc3 39. Rxc3 Bxc3 0-1

[Event "*** Titled Tuesday 3|2 Blitz (Early)"]
[Site "Chess.com"]
[Date "2016.11.01"]
[Round "3"]
[White "micfel"]
[Black "Alohamora11"]
[Result "1-0"]
[WhiteElo "2273"]
[BlackElo "2227"]
[TimeControl "180+2"]
[EndTime "11:34:45 PDT"]
[Termination "micfel won by checkmate"]

1. e4 c5 2. Nf3 g6 3. d4 cxd4 4. Nxd4 Bg7 5. Nc3 Nc6 6. Be3 Nf6 7. Be2 O-O 8. Nb3 d6 9. g4 Be6 10. g5 Nd7 11. Nd4 Nxd4 12. Bxd4 Bxd4 13. Qxd4 Qb6 14.
O-O-O Qxd4 15. Rxd4 Rfc8 16. h4 Ne5 17. f4 Nc6 18. Rd2 Rd8 19. Bf3 Rac8 20. h5 a6 21.
Rdh2 Nd4 22. Bd1 gxh5 23. Rxh5 Kf8 24. Rxh7 Ke8 25. f5 Bc4 26. Rh8+ Kd7 27. Rxd8+ Rxd8 28. b3 Bb5 29. Rh7 Rf8 30. Bg4 Ke8 31. Bh5 Bd7 32.
Nd5 Nc6 33. Nf4 Ne5 34. g6 fxg6 35. Nxg6 Nxg6 36. Bxg6+ Kd8 37. c4 Bc6 38. Rh4 Kd7 39.
Kd2 Rf6 40. Ke3 e6 41. Rh7+ Kc8 42. Rf7 Rxf7 43. Bxf7 exf5 44. exf5 Kd8 45. Kd4 Ke7 46. Bd5 Kf6 47. Be4 a5 48. a3 a4 49. b4 Bd7 50.
Bxb7 Bxf5 51. Bc6 Bc2 52. Kd5 Ke7 53. b5 Kd8 54. Kxd6 Kc8 55. b6 Kb8 56. c5 Bb3 57.
Bd5 Bd1 58. c6 Bg4 59. c7+ Kc8 60. b7# 1-0

[Event "*** Titled Tuesday 3|2 Blitz (Early)"]
[Site "Chess.com"]
[Date "2016.11.01"]
[Round "3"]
[White "Gergo85"]
[Black "Taabling"]
[Result "0-1"]
[WhiteElo "2397"]
[BlackElo "2154"]
[TimeControl "180+2"]
[EndTime "11:34:56 PDT"]
[Termination "Taabling won by resignation"]

1. e4 c5 2. Nf3 d6 3. d4 Nf6 4.
Nc3 cxd4 5. Nxd4 g6 6. Be2 Bg7 7. O-O O-O 8. a4 Nc6 9. Nxc6 bxc6 10. a5 Qc7 11. a6 Rb8 12. h3 Rb4 13. Bd3 Nd7 14.
Na4 Nb6 15. Nxb6 Rxb6 16. c3 c5 17. Qe2 Bd7 18. Be3 Rfb8 19. Ra2 Be6 20. Bc4 Bxc4 21. Qxc4 Rxb2 22. Rxb2 Rxb2 23. f4 Qb6 24. e5 Qb3 25.
Qe4 Qxc3 26. exd6 exd6 27. f5 Qxe3+ 28. Qxe3 Bd4 29. Qxd4 cxd4 30. Rd1 Rb6 31. Rxd4 Rxa6 32. f6 h6 33. h4 d5 34. Rxd5 Rxf6 35. Ra5 a6 36. g3 h5 37. Kg2 Kf8 38. g4 hxg4 39. Kg3 Ke7 40. Kxg4 Kd7 41. Kg5 Re6 42. Rc5 Kd6 43.
Rc8 Re5+ 44. Kf6 Rf5+ 45. Kg7 a5 46. Rc4 Kd5 47. Rc8 Ke4 48. Rd8 Kf3 49. Rd4 Rf4 50.
Rd3+ Kg4 51. h5 gxh5 0-1

[Event "*** Titled Tuesday 3|2 Blitz (Early)"]
[Site "Chess.com"]
[Date "2016.11.01"]
[Round "3"]
[White "NTBT_DHS"]
[Black "Haridaskesavan"]
[Result "1-0"]
[WhiteElo "2493"]
[BlackElo "2118"]
[TimeControl "180+2"]
[EndTime "11:35:00 PDT"]
[Termination "NTBT_DHS won by resignation"]

1. d4 Nf6 2. c4 d6 3. Nf3 Nbd7 4. Bf4 e6 5. h3 Be7 6. Nc3 O-O 7. e3 b6 8. Bd3 Bb7 9. O-O Re8 10. Rc1 Bf8 11.
Bb1 e5 12. Bh2 e4 13. Nd2 a6 14. d5 a5 15. Ncxe4 Nxe4 16. Nxe4 f5 17. Ng3 g6 18. Ne2 Bg7 19. Nd4 Nc5 20. b3 Qf6 21. Qf3 Ne4 22. Rfd1 Re7 23. Ne6 Ng5 24. Nxg5 Qxg5 25. Bf4 Qf6 26.
Qg3 h6 27. h4 Rf8 28. Rd2 Bc8 29. Rcd1 Kh7 30. a3 Qc3 31. Rd3 Qf6 32. b4 axb4 33. axb4 Bd7 34. Ra3 Qb2 35. Ra7 Ba4 36.
Rf1 Qxb4 37. Qh3 Qxc4 38. Bxd6 Bb5 39. Rd1 Qe2 40. Qf3 Qxf3 41. gxf3 cxd6 42. Rxe7 Be2 43.
Rc1 Bxf3 44. Rcc7 Rg8 45. Kh2 Bxd5 46. h5 Be4 47. Ba2 d5 48. Kg3 g5 49. f3 Kh8 50.
fxe4 Be5+ 51. Rxe5 1-0